AoeStats
← sHeoG0ratH

Nomad

508039613Analyzed
2v2 RM · 11d ago on Sep 20, 2026· 42m 26s· 4 players
Game mode
Random Map
Map size
176×176
Population
200
Speed
Normal
Resources
Standard
Victory
Conquest
Starting age
Dark Age
Ending age
Imperial Age
RankedLock teamsTeams togetherTeam positionsShared explorationLock speedFull tech treeHidden civsTurbo modeCheats
Victory
Defeat
🇺🇸 Mongols · United States
1667
+21
🇩🇪 Goths · Germany
1660
+21
🇨🇿 Bengalis · Czechia
1777
-21
🇨🇿 Berbers · Czechia
1776
-21
sHeoG0ratH
3:23 Loom
12:40 Feudal Age
13:35 Double-Bit Axe
16:22 Castle Age
15:11 Gold Mining
17:18 Medium Warships
19:29 Bow Saw
33:59 Fishing Lines
34:46 Scale Mail Armor
38:04 Chain Mail Armor
38:34 Fletching
39:05 Forging
42:12 Imperial Age
40:48 Iron Casting
41:15 Horse Collar
42:33 Squires
Ethan
4:51 Loom
13:45 Feudal Age
17:24 Castle Age
15:54 Fletching
17:23 Fishing Lines
19:36 Double-Bit Axe
20:01 Town Watch
28:52 Bodkin Arrow
28:57 Padded Archer Armor
31:22 Bow Saw
32:48 Gillnets
35:12 Ballistics
39:31 Elite Skirmisher
40:18 Gold Mining
42:25 Leather Archer Armor
Skull
4:35 Loom
12:48 Feudal Age
16:33 Castle Age
15:24 Double-Bit Axe
18:38 Wheelbarrow
18:50 Fletching
24:30 Bodkin Arrow
32:44 Imperial Age
37:52 Ballistics
42:39 Bracer
Nasup
4:34 Loom
14:01 Feudal Age
17:57 Castle Age
18:10 Light Cavalry
24:58 Horse Collar
32:38 Fletching
34:05 Bodkin Arrow
41:57 Padded Archer Armor
Connection lost

Rejoining the realm…

Still unreachable

The connection could not be restored.

Session expired

The server has moved on; the page needs a fresh start.